 Dungeon Crawl Stone Soup version 0.27-a0-1612-gde56a17b89 (webtiles) character file.

Game seed: 445172326465729254

5237 lunkers the Covert (level 10, 0/76 HPs)
             Began as a Vampire Delver on July 21, 2021.
             Was an Initiate of Gozag.
             Slain by a sixfirhy (11 damage)
             ... summoned by a kobold demonologist
             ... on level 9 of the Dungeon.
             The game lasted 00:19:39 (7721 turns).

lunkers the Covert (Vampire Delver)                 Turns: 7721, Time: 00:19:40

Health: 0/76       AC: 10    Str: 11    XL:     10   Next: 35%
Magic:  10/10      EV: 14    Int: 13    God:    Gozag
Gold:   1383       SH:  0    Dex: 19    Spells: 6/9 levels left

rFire    . . .     SeeInvis +   a - +0 dagger (elec)
rCold    . . .     Faith    .   (no shield)
rNeg     . . .     Spirit   .   F - +3 ring mail {rPois}
rPois    +         Reflect  .   (no helmet)
rElec    .         Harm     .   G - +1 cloak
rCorr    .         Rampage  .   (no gloves)
Will     +....                  (no boots)
Stlth    +++++.....             t - amulet of the acrobat
HPRegen  0.42/turn              I - ring of flight
MPRegen  0.12/turn              (no ring)

@: flying, healing quickly
A: alive, fangs 3, see invisible, vampiric 2
a: Exsanguinate, Renounce Religion, Potion Petition, Call Merchant, Bribe Branch


You were on level 9 of the Dungeon.
You worshipped Gozag.
Gozag was most pleased with you.
You visited 2 branches of the dungeon, and saw 10 of its levels.

You collected 1527 gold pieces.
You spent 93 gold pieces at shops.
You paid 51 gold pieces to Gozag.

Inventory:

Hand Weapons
 a - a +0 dagger of electrocution (weapon)
 b - a +0 short sword
 w - a +4 dagger of protection
 C - a +0 short sword of flaming
Missiles
 z - 8 curare-tipped darts
 A - 2 throwing nets
Armour
 j - a +3 ring mail
 v - a +0 cloak
 F - a +3 ring mail of poison resistance (worn)
 G - a +1 cloak (worn)
Jewellery
 t - an amulet of the acrobat (around neck)
 I - a ring of flight (left hand)
 J - a ring of ice
Wands
 g - a wand of digging (9)
Scrolls
 c - 3 scrolls of fog
 d - 3 scrolls of magic mapping
 e - 2 scrolls of fear
 h - 6 scrolls of teleportation
 i - a scroll of noise {unknown}
 n - a scroll of enchant weapon {unknown}
 o - a scroll of holy word {unknown}
 r - 4 scrolls of immolation {unknown}
 y - 2 scrolls of silence {unknown}
 B - a scroll of acquirement {unknown}
 D - a scroll of amnesia {unknown}
 K - a scroll of brand weapon {unknown}
 L - a scroll of identify
Potions
 f - 2 potions of haste
 k - a potion of heal wounds
 l - 6 potions of curing
 m - a potion of might
 p - a potion of ambrosia
 q - 2 potions of lignification
 s - a potion of brilliance {unknown}
 u - a potion of degeneration {unknown}
 x - 3 potions of attraction
 E - 4 potions of flight
 H - a potion of mutation {unknown}
 M - a potion of invisibility {unknown}


   Skills:
 + Level 6.1 Fighting
 - Level 10.0 Short Blades
 + Level 6.8 Dodging
 + Level 13.7 Stealth
 - Level 7.0 Hexes


You had 6 spell levels left.
You knew the following spells:

 Your Spells              Type           Power      Damage    Failure   Level
b - Tukima's Dance        Hex            18%        N/A       13%         3

Your spell library contained the following spells:

 Spells                   Type           Power      Damage    Failure   Level
 Corona                   Hex            20%        N/A       4%          1
 Ensorcelled Hibernation  Hex/Ice        18%        N/A       26%         2
 Animate Skeleton         Necr           0%         N/A       58%         1
 Apportation              Tloc           0%         N/A       58%         1
 Summon Small Mammal      Summ           0%         N/A       58%         1
 Static Discharge         Conj/Air       0%         N/A       75%         2
 Fireball                 Conj/Fire      0%         3d3       100%        5
 Iskenderun's Battlesphe  Conj           0%         2d6       100%        5
 Lightning Bolt           Conj/Air       0%         1d11      100%        5
 Conjure Ball Lightning   Conj/Air       0%         3x3d6     100%        6
 Orb of Destruction       Conj           0%         N/A       100%        7
 Discord                  Hex            9%         N/A       100%        8
 Disjunction              Tloc           0%         N/A       100%        8
 Maxwell's Capacitive Co  Air            0%         ∞         100%        8


Dungeon Overview and Level Annotations

Branches:
Dungeon (9/15)             Temple (1/1) D:5             Orc (0/2) D:9
   Lair: D:8-11

Altars:
Ashenzari
Cheibriados
Dithmenos
Elyvilon
Fedhas
Gozag
Hepliaklqana
Kikubaaqudgha
Makhleb
Nemelex Xobeh
Okawaru
Qazlal
Ru
Sif Muna
Trog
Uskayaw
Vehumet
Wu Jian
Xom
Yredelemnul
Zin
The Shining One

Shops:
D:2 *:![(   D:5 !

Annotations:
D:3 2 transporters, robertstho's ghost, amateur VSIE


Innate Abilities, Weirdness & Mutations

Your natural rate of healing is accelerated.
You have razor-sharp teeth.
You have supernaturally acute eyesight. (SInv)
You are afflicted with vampirism and can become a bat while bloodless.


Message History

You barely miss the kobold demonologist.
You bite the kobold demonologist.
The kobold demonologist is severely wounded.
The kobold demonologist completely misses you.
You hit the kobold demonologist.
The kobold demonologist is severely wounded.
You miss the kobold demonologist. You bite the kobold demonologist.
The kobold demonologist is severely wounded.
The kobold demonologist mumbles some strange words.
The crimson imp hits you but does no damage.
You hit the kobold demonologist but do no damage.
You bite the kobold demonologist.
The kobold demonologist is severely wounded.
You miss the kobold demonologist.
The kobold demonologist is severely wounded.
The kobold demonologist closely misses you.
The crimson imp barely misses you. The sixfirhy barely misses you.
You hit the kobold demonologist but do no damage.
The kobold demonologist is severely wounded.
The sixfirhy misses you. x2
You hit the kobold demonologist.
The kobold demonologist is severely wounded.
The sixfirhy closely misses you.
The kobold demonologist casts a cantrip, but nothing happens.
The crimson imp misses you. The sixfirhy hits you! The sixfirhy shocks you!
You hit the kobold demonologist.
The kobold demonologist is almost dead.
The sixfirhy hits you! The sixfirhy shocks you!
* * * LOW HITPOINT WARNING * * *
The sixfirhy hits you!
* * * LOW HITPOINT WARNING * * *
The sixfirhy shocks you!
* * * LOW HITPOINT WARNING * * *
You barely miss the kobold demonologist.
The kobold demonologist is almost dead.
The sixfirhy hits you.
* * * LOW HITPOINT WARNING * * *
The sixfirhy shocks you!
You die...
Your body crumbles into a pile of gold.

........##.##.#
........###..##
........##.P._#
.........#P...####
#'######...⌠._#.. ..#
###...PP'# .## #..._#.##
.# ##..#55K# .########
###.##@# ........#
####3# ........#
#.####### ........#
###........
........######...$######
.............[.#.##
<.......########.#
........#### #.#
......<....# #.#


You could see a kobold demonologist, a sixfirhy (summoned), a crimson imp
(summoned) and a shadow imp (summoned).

Vanquished Creatures
  A two-headed ogre (D:5)
  Joseph (D:7)
  Prince Ribbit (D:7)
  8 yaks (D:9)
  A wraith (D:9)
  2 steam dragons (D:8)
  An orc warrior (D:6)
  2 necrophages
  A centaur (D:8)
  2 ogres (D:5)
  2 phantoms
  3 kobold brigands (D:9)
  2 bullfrogs
  2 scorpions
  3 killer bees (D:9)
  2 howler monkeys
  A centaur zombie (D:9)
  2 bullfrog zombies
  4 jellies
  3 hounds
  6 orc priests
  Crazy Yiuf (D:2)
  3 centaur skeletons
  An iguana (D:6)
  8 orc wizards
  A hound skeleton (D:4)
  A howler monkey zombie (D:9)
  11 gnolls
  7 adders
  A howler monkey skeleton (D:7)
  A shadow imp (D:7)
  An ufetubus (D:2)
  A worm (D:3)
  3 dart slugs
  22 orcs
  6 endoplasms
  5 giant cockroaches
  8 goblins
  7 hobgoblins
  10 jackals
  5 quokkas
  4 ball pythons
  6 bats
  2 frilled lizards
  12 kobolds
  9 rats
186 creatures vanquished.

Vanquished Creatures (collateral kills)
  A gnoll sergeant (D:9)
  A gnoll (D:9)
2 creatures vanquished.

Vanquished Creatures (others)
  A plant (D:9)
1 creature vanquished.

Grand Total: 189 creatures vanquished

Notes
Turn   | Place    | Note
-------+----------+-------------------------------------------
     0 | D:5      | lunkers the Vampire Delver began the quest for the Orb.
     0 | D:5      | Reached XP level 1. HP: 17/17 MP: 1/1
    56 | D:5      | Noticed an orc wizard
    65 | D:5      | Noticed an ogre
    75 | D:5      | Killed an ogre
    76 | D:5      | Reached skill level 8 in Stealth
    76 | D:5      | Reached XP level 2. HP: 8/23 MP: 2/2
    76 | D:5      | Gained mutation: You are afflicted with vampirism and can
                  | become a bat while bloodless. [Vampire growth]
    76 | D:5      | Reached XP level 3. HP: 9/28 MP: 3/3
    76 | D:5      | Reached XP level 4. HP: 11/34 MP: 4/4
   108 | D:5      | Noticed a two-headed ogre
   221 | D:5      | Noticed a necrophage
   238 | D:4      | Reached XP level 5. HP: 19/39 MP: 5/5
   329 | D:4      | Reached skill level 5 in Short Blades
   595 | D:4      | Reached skill level 9 in Stealth
   693 | D:4      | Reached XP level 6. HP: 15/46 MP: 6/6
   970 | D:3      | You fall into a shaft and drop 2 floors!
   984 | D:5      | Found a staircase to the Ecumenical Temple.
  1011 | Temple   | Entered the Ecumenical Temple
  1088 | Temple   | Became a worshipper of Gozag Ym Sagoz the Greedy
  1145 | D:5      | Killed a two-headed ogre
  1146 | D:5      | Reached skill level 10 in Stealth
  1146 | D:5      | Reached XP level 7. HP: 41/51 MP: 7/7
  1368 | D:4      | Reached XP level 8. HP: 30/57 MP: 8/8
  1887 | D:3      | Found a transporter.
  1889 | D:3      | Noticed robertstho's ghost (amateur VSIE)
  2167 | D:3      | Reached skill level 11 in Stealth
  2221 | D:3      | Found a transporter.
  2339 | D:2      | Found Cofocw's General Store.
  2551 | D:2      | Found Lilin's Book Shoppe.
  2558 | D:2      | Found Usuypil's Distillery.
  2812 | D:2      | Found Lyuxaux's Antique Weapon Shop.
  2880 | D:2      | Found Peyqinin's Armour Emporium.
  3000 | D:2      | Found a faded altar of an unknown god.
  3064 | D:2      | Found a runed translucent door.
  3065 | D:2      | Noticed Crazy Yiuf
  3078 | D:2      | Killed Crazy Yiuf
  4031 | D:2      | Bought 8 curare-tipped darts for 57 gold pieces
  4031 | D:2      | Bought a scroll of teleportation for 36 gold pieces
  4035 | D:2      | Learned a level 3 spell: Tukima's Dance
  4186 | D:5      | Reached skill level 1 in Hexes
  4385 | D:5      | Found Aclucasous's Distillery.
  4480 | D:5      | Found a broken altar of Ashenzari.
  4614 | D:5      | Found a bloodstained altar of Trog.
  4623 | D:5      | Found a burning altar of Makhleb.
  4898 | D:6      | Reached XP level 9. HP: 62/65 MP: 9/9
  5267 | D:7      | Noticed Joseph
  5286 | D:7      | Killed Joseph
  5287 | D:7      | Reached skill level 5 in Hexes
  5522 | D:7      | Reached skill level 10 in Short Blades
  5522 | D:7      | Reached skill level 12 in Stealth
  5613 | D:7      | Noticed Prince Ribbit
  5629 | D:7      | Killed Prince Ribbit
  6155 | D:8      | Reached skill level 5 in Dodging
  6306 | D:8      | Reached skill level 5 in Fighting
  6668 | D:9      | Found a staircase to the Orcish Mines.
  6740 | D:9      | Reached XP level 10. HP: 67/74 MP: 10/10
  6788 | D:9      | Reached skill level 13 in Stealth
  6851 | D:9      | Noticed a soul eater
  7293 | D:9      | Found a snail-covered altar of Cheibriados.
  7343 | D:9      | Found a basalt altar of Yredelemnul.
  7609 | D:9      | Found a radiant altar of Vehumet.
  7612 | D:9      | Found an iron altar of Okawaru.
  7716 | D:9      | Noticed a sixfirhy
  7721 | D:9      | Slain by a sixfirhy

Illustrated notes

Levels and vault maps discovered:
D:1:      saegor_arrival_simple_d, layout_basic
D:2:      layout_rooms, serial_shops, nicolae_shop_statue_plus,
          nicolae_square_shop, shop, shop, shop,
          dreamdust_ecumenical_altar_hidden_monk_grotto, st_stairs_2,
          amcnicky_mini_rare_corridor_liquid, uniq_crazy_yiuf_cottage
D:3:      layout_loops_ring, gammafunk_ghost_stat_death, grunt_ministairs_14,
          eino_tiny_chamber
D:4:      minmay_opposing_rooms, layout_loops_cross,
          mainiacjoe_overflow_concentric_impassable
D:5:      layout_cave_pools, mainiacjoe_overflow_paths,
          mainiacjoe_overflow_swirl, minmay_temple_entry_glass, serial_shops,
          shop, minmay_misc_feat_diagonals
D:6:      layout_rooms
D:7:      layout_basic, chequers_mini_garden, uniq_joseph, uniq_prince_ribbit1
D:8:      layout_basic
D:9:      layout_roguey, kennysheep_mini, mainiacjoe_overflow_24_doors,
          gammafunk_temple_overflow_forgotten, orc_0_dummy, serial_rivers,
          chequers_serial_rivers_marsh, chequers_serial_rivers_small_3,
          chequers_serial_rivers_small_a, chequers_serial_rivers_micro_a,
          chequers_serial_rivers_small_b, minmay_misc_feat_cross, uniq_pikel
Temple:   nicolae_temple_god_jail

Skill      XL: |  1  2  3  4  5  6  7  8  9 10 |
---------------+-------------------------------+-----
Short Blades   | 4 6 8 9 10 | 10.0
Stealth        | 8 9 10 11 12 13 | 13.7
Fighting       | 3 5 6 |  6.1
Hexes          | 4 7 |  7.0
Dodging        | 3 5 6 |  6.8

Action                   |  1- 3 |  4- 6 |  7- 9 | 10-12 || total
-------------------------+-------+-------+-------+-------++-------
Melee: Short sword       |    16 |   153 |    26 |       ||   195
       Bite              |       |    18 |    52 |    19 ||    89
       Dagger            |       |       |   410 |   188 ||   598
 Cast: Tukima's Dance    |       |       |       |     3 ||     3
Evoke: Wand              |     2 |     7 |     1 |       ||    10
  Use: Scroll            |       |     2 |     6 |       ||     8
       Potion            |       |       |     1 |       ||     1
 Stab: Paralysed         |     2 |     4 |     1 |       ||     7
       Sleeping          |       |     3 |    32 |     2 ||    37
       Distracted        |       |     1 |     4 |     1 ||     6
Armor: Leather armour    |     3 |       |       |       ||     3
       Ring mail         |       |    52 |   102 |    34 ||   188
Dodge: Dodged            |     6 |    89 |   172 |    92 ||   359

Table legend: (Time is in decaauts)
 A = Elapsed time spent in this place.
 B = Non-inter-level travel time spent in this place.
 C = Inter-level travel time spent in this place.
 D = Time resting spent in this place.
 E = Time spent auto-exploring this place.
 F = Levels seen in this place.
 G = Mean time per level.
                   A        B        C        D        E       F      G
               +--------+--------+--------+--------+--------+-----+--------+
         Total |   7395 |   7032 |    363 |    192 |   5146 |  10 |  739.5 |
       Dungeon |   7293 |   6960 |    333 |    192 |   5107 |   9 |  810.3 |
        Temple |    101 |     71 |     30 |      0 |     39 |   1 |  101.0 |
               +--------+--------+--------+--------+--------+-----+--------+

Top non-repeatable levels by time:
     D:4: 1235 daAuts
     D:5: 910 daAuts
     D:9: 881 daAuts
     D:1: 857 daAuts
     D:8: 831 daAuts
     D:2: 819 daAuts
     D:3: 636 daAuts
     D:7: 624 daAuts
     D:6: 497 daAuts
  Temple: 101 daAuts
